 Dungeon Crawl Stone Soup version 0.30-a0-778-g2ef04afb54 (webtiles) character file.

Game seed: 14641133858367012405

214 AzureAlchemist the Grasshopper (level 5, -1/36 HPs)
             Began as an Octopode Warper on Feb 16, 2023.
             Was an Initiate of Gozag.
             Splashed by a jelly's acid (5 damage)
             ... on level 5 of the Dungeon.
             The game lasted 00:11:58 (3167 turns).

AzureAlchemist the Grasshopper (Octopode Warper)    Turns: 3167, Time: 00:11:59

Health: -1/36      AC: -3    Str: 12    XL:     5   Next: 91%
Magic:  8/8        EV: 13    Int: 16    God:    Gozag
Gold:   201        SH:  0    Dex: 11    Spells: 3/9 levels left

rFire   . . .      SeeInvis .      - Unarmed
rCold   . . .      Faith    .    (no shield)
rNeg    . . .      Spirit   .    (helmet restricted)
rPois   .          Reflect  .    (no amulet)
rElec   .          Harm     .    (no ring)
rCorr   .          Rampage  .    (no ring)
Will    .....                    (no ring)
Stlth   ++                       (no ring)
HPRegen 0.26/turn                (no ring)
MPRegen 0.11/turn                (no ring)
                                 (no ring)
                                 (no ring)

@: corroded, gold aura
A: almost no armour, amphibious, 8 rings, camouflage 1, gelatinous body 1,
(nimble swimmer 1), tentacles
a: Renounce Religion, Potion Petition, Call Merchant, Bribe Branch


You were on level 5 of the Dungeon.
You worshipped Gozag.
Gozag was aware of your devotion.
You visited 1 branch of the dungeon, and saw 5 of its levels.

You collected 222 gold pieces.
You paid 21 gold pieces to Gozag.

Inventory:

Missiles
 b - 6 boomerangs of dispersal (quivered)
Wands
 j - a wand of polymorph (7)
Scrolls
 a - 3 scrolls of blinking
 k - a scroll of identify
Potions
 c - a potion of cancellation
 d - a potion of heal wounds {unknown}
 e - 2 potions of attraction {unknown}
 f - a potion of mutation {unknown}
 h - a potion of curing {unknown}
 i - 2 potions of lignification {unknown}


   Skills:
 + Level 3.2 Fighting
 - Level 1.0 Throwing
 + Level 3.5 Dodging
 + Level 3.2 Unarmed Combat
 - Level 2.5 Spellcasting
 + Level 3.9 Translocations


You had 3 spell levels left.
You knew the following spells:

 Your Spells              Type           Power      Damage    Failure   Level
a - Blink                 Tloc           28%        N/A       6%          2
b - Manifold Assault      Tloc           14%        N/A       36%         4

Your spell library contained the following spells:

 Spells                   Type           Power      Damage    Failure   Level
 Lesser Beckoning         Tloc           28%        N/A       6%          2
 Teleport Other           Tloc           14%        N/A       12%         3
 Vhi's Electric Charge    Tloc/Air       16%        N/A       26%         3


Dungeon Overview and Level Annotations

Branches:
Dungeon (5/15)
 Temple: D:4-7

Altars:
Gozag
Nemelex Xobeh
Ru

Shops:
D:3 (   D:4 *

Annotations:
D:5 Edmund


Innate Abilities, Weirdness & Mutations

You cannot wear most types of armour.
You are amphibious.
You can wear up to eight rings at the same time.
Your skin changes colour to match your surroundings (Stealth+).
Your rubbery body absorbs attacks. (AC +1, EV +1)
((You are camouflaged when in or above water. (Stealth+)))
You have tentacles for arms and can constrict up to eight enemies at once.


Message History

Confirm with . or Enter, or press ? or * to list all spells.
Okay, then.
Unknown command.
You open the door.
There is an open door here.
An orc comes into view. It is wielding a +0 falchion.
The orc shouts!
You enter the shallow water.
The orc barely misses you.
You tentacle-slap the orc. Your grab misses the orc. You squeeze the orc.
The orc is severely wounded.
The orc hits you with a +0 falchion.
You completely miss the orc. You grab the orc. You squeeze the orc.
You kill the orc!
A jelly comes into view.
Things that are here:
7 gold pieces; a +0 falchion You now have 201 gold pieces (gained 7).
A black bear comes into view.
The black bear growls angrily.
You tentacle-slap the jelly.
Your tentacles burn!
The jelly is moderately wounded.
The jelly hits you. The acid corrodes you!
You are splashed with acid!
You barely miss the jelly. You squeeze the jelly.
The jelly is heavily wounded.
The jelly barely misses you.
You tentacle-slap the jelly but do no damage.
Your tentacles burn!
You squeeze the jelly, but do no damage.
The jelly is heavily wounded.
The jelly misses you.
You tentacle-slap the jelly.
Your tentacles burn!
The jelly is severely wounded.
The jelly hits you.
* * * LOW HITPOINT WARNING * * *
You are splashed with acid.
* * * LOW HITPOINT WARNING * * *
You tentacle-slap the jelly.
Your tentacles burn!
You die...
Your body crumbles into a pile of gold.

......... #.>..# #.#
#..# #.# ~~###.<## #.#
#~......###.#
#~~.#.~~~~##.# ##
~~~~~~~##~.#.##### #.
#J######~##~~.......#
#..#.#@#.###~~........#
#..J~.~..'~.........#
#.#.#)#.###~~........#
..######~##~~.#######
######~O~~~~~##~(#
~~~O~##~~###~~~~.#
#~..~~##~###.....#
#~~~~....#####
..........####


You could see a jelly.

Vanquished Creatures
  A howler monkey (D:4)
  A hound (D:4)
  3 gnolls (D:4)
  5 adders
  A worm (D:2)
  2 dart slugs
  An orc (D:5)
  11 ball pythons
  5 endoplasms
  3 giant cockroaches
  3 hobgoblins
  6 kobolds
  4 quokkas (D:1)
  2 bats
  3 frilled lizards
  5 goblins
  9 rats
65 creatures vanquished.

Vanquished Creatures (others)
  A plant (D:1)
1 creature vanquished.

Grand Total: 66 creatures vanquished

Notes
Turn   | Place    | Note
-------+----------+-------------------------------------------
     0 | D:1      | AzureAlchemist the Octopode Warper began the quest for the
                  | Orb.
     0 | D:1      | Reached XP level 1. HP: 14/14 MP: 3/3
   141 | D:1      | Reached XP level 2. HP: 19/19 MP: 5/5
   215 | D:1      | Found a faded altar of an unknown god.
   600 | D:1      | Reached XP level 3. HP: 24/24 MP: 6/6
   603 | D:1      | Learned a level 2 spell: Blink
  1624 | D:3      | Found Bese's Antique Weapon Shoppe.
  1649 | D:3      | Reached XP level 4. HP: 30/30 MP: 7/7
  1702 | D:3      | Found a sacrificial altar of Ru.
  1758 | D:3      | Learned a level 4 spell: Manifold Assault
  1809 | D:3      | Found an opulent altar of Gozag.
  1809 | D:3      | Found a sparkling altar of Nemelex Xobeh.
  1815 | D:3      | Became a worshipper of Gozag Ym Sagoz the Greedy
  2160 | D:3      | Identified the +1 leather armour of Entitlement {rN+ Dex+3}
  2186 | D:3      | Identified the +4 spear "Zexist" {freeze, rC++}
  2564 | D:4      | Noticed an ogre
  2642 | D:4      | Reached XP level 5. HP: 29/36 MP: 8/8
  2758 | D:4      | Found Wenij's Neck Hole.
  3096 | D:4      | Noticed an ogre
  3115 | D:5      | Entered Level 5 of the Dungeon
  3116 | D:5      | Noticed Edmund
  3137 | D:5      | Noticed an ogre
  3159 | D:5      | Noticed a black bear
  3167 | D:5      | Splashed by a jelly's acid

Illustrated notes

Levels and vault maps discovered:
D:1:      roderic_dead_forest, layout_loops_ring, serial_forest,
          infiniplex_forest_lined_2, infiniplex_forest_diagonal,
          infiniplex_forest_straight_1, infiniplex_forest_clump_curved,
          infiniplex_forest_clump_diagonal, infiniplex_forest_clump_curved,
          ebering_ecumenical_altar_sacrificial, glass_columns_c,
          chequers_serial_rivers_small_3, dk_noncrumbling_3
D:2:      layout_basic
D:3:      layout_loops_ring, grunt_temple_overflow_opulence,
          nicolae_ru_awakened_eye, serial_shops, shop, minmay_quantized
D:4:      layout_loops_ring, mainiacjoe_overflow_tiny_flanked,
          nicolae_shop_sticking_my_neck_out
D:5:      minmay_chambers_of_fours, layout_rooms, nicolae_uskayaw_en_pointe,
          general_overflow_altar, kiku_gazebo_pond_becter,
          minmay_temple_entry_tees, serial_shops, kennysheep_mini_moat,
          minmay_manual_mullet, uniq_blork_the_orc, uniq_menkaure, uniq_edmund,
          uniq_duvessa, uniq_ijyb

Skill      XL: |  1  2  3  4  5 |
---------------+----------------+-----
Dodging        | 3 |  3.5
Unarmed Combat | 3 |  3.2
Fighting       | 3 |  3.2
Throwing       | |  1.0
Spellcasting   | |  2.5
Translocations | |  3.9

Action                     |  1- 3 |  4- 6 || total
---------------------------+-------+-------++-------
  Melee: Unarmed           |    79 |    72 ||   151
         Tentacles         |    18 |    20 ||    38
         Constrict         |    22 |    15 ||    37
         Punch             |     1 |     1 ||     2
  Throw: Dart              |       |     3 ||     3
         Boomerang         |       |     1 ||     1
    Use: Scroll            |     2 |     4 ||     6
   Stab: Distracted        |     1 |       ||     1
         Sleeping          |     9 |     1 ||    10
 Armour: Skin              |     3 |     1 ||     4
  Dodge: Dodged            |    23 |    24 ||    47

Table legend: (Time is in decaauts)
 A = Elapsed time spent in this place.
 B = Non-inter-level travel time spent in this place.
 C = Inter-level travel time spent in this place.
 D = Time resting spent in this place.
 E = Time spent auto-exploring this place.
 F = Levels seen in this place.
 G = Mean time per level.
                   A        B        C        D        E       F      G
               +--------+--------+--------+--------+--------+-----+--------+
         Total |   3160 |   3036 |    124 |    392 |   1942 |   5 |  632.0 |
       Dungeon |   3160 |   3036 |    124 |    392 |   1942 |   5 |  632.0 |
               +--------+--------+--------+--------+--------+-----+--------+

Top non-repeatable levels by time:
     D:3: 993 daAuts
     D:1: 853 daAuts
     D:2: 754 daAuts
     D:4: 507 daAuts
     D:5: 51 daAuts
